 Dungeon Crawl Stone Soup version 0.31.0-4-g52a2dc7128 (webtiles) character file.

Game seed: 10736579271460241006

249 zenocrate the Sneak (level 6, -1/28 HPs)
             Began as a Vine Stalker Enchanter on Jan 23, 2024.
             Slain by Duvessa
             ... wielding a +0 short sword
              (4 damage)
             ... on level 5 of the Dungeon.
             The game lasted 00:03:40 (3793 turns).

zenocrate the Sneak (Vine Stalker Enchanter)        Turns: 3793, Time: 00:03:40

Health: -1/28      AC:  3    Str: 11    XL:     6   Next: 12%
Magic:  0/11       EV: 13    Int: 15    God:
Gold:   152        SH:  0    Dex: 16    Spells: 3/11 levels left

rFire   . . .        b - +6 dagger "Usibeb" {heavy, +Blink}
rCold   . . .        (no shield)
rNeg    + . .        u - +0 robe
rPois   .            (no helmet)
rElec   .            (no cloak)
rCorr   .            (no gloves)
SInv    .            x - +0 pair of boots
Will    .....        n - amulet of regeneration
Stlth   +++          y - ring of positive energy
HPRegen 1.84/turn    (no ring)
MPRegen 0.12/turn

%: guardian spirit
@: invisible
A: fangs 2, regeneration 1, magic shield, antimagic bite, no potion heal 2
a: Evoke Blink


You were on level 5 of the Dungeon.
You visited 1 branch of the dungeon, and saw 5 of its levels.

You collected 152 gold pieces.

Inventory:

Hand Weapons
 a - a +1 dagger
 b - the +6 dagger "Usibeb" (weapon) {heavy, +Blink}
   (You found it on level 3 of the Dungeon)

   +Blink:    It lets you blink.
Armour
 u - a +0 robe (worn)
 x - a +0 pair of boots (worn)
Jewellery
 n - an amulet of regeneration (around neck)
 s - an amulet of reflection
 y - a ring of positive energy (left hand)
Scrolls
 d - a scroll of brand weapon {unknown}
 e - 2 scrolls of blinking {unknown}
 h - a scroll of enchant armour {unknown}
 j - a scroll of fog {unknown}
 k - 2 scrolls of teleportation
 m - a scroll of torment {unknown}
 o - a scroll of enchant weapon {unknown}
 p - 2 scrolls of amnesia
 r - a scroll of revelation {unknown}
 t - a scroll of summoning {unknown}
 v - a scroll of immolation {unknown}
 A - 2 scrolls of identify {unknown}
Potions
 c - a potion of invisibility
 f - 2 potions of curing {unknown}
 g - 4 potions of lignification {unknown}
 i - 3 potions of mutation {unknown}
 l - a potion of haste {unknown}
 q - a potion of degeneration {unknown}
 w - a potion of might {unknown}
 z - 3 potions of resistance {unknown}
 B - a potion of heal wounds {unknown}


   Skills:
 + Level 2.2 Short Blades
 + Level 2.6 Dodging
 + Level 4.8 Stealth
 + Level 3.2 Spellcasting
 + Level 3.8 Hexes
 + Level 1.8 Ice Magic


You had 3 spell levels left.
You knew the following spells:

 Your Spells              Type           Power      Damage    Failure   Level
a - Ensorcelled Hibernat  Hex/Ice        20%        N/A       10%         2
b - Confusing Touch       Hex            13%        N/A       12%         3
c - Tukima's Dance        Hex            13%        N/A       12%         3

Your spell library contained the following spells:

 Spells                   Type           Power      Damage    Failure   Level
 Dazzling Flash           Conj/Hex       16%        N/A       26%         3


Dungeon Overview and Level Annotations

Branches:
Dungeon (5/15)
 Temple: D:4-7

Altars:
Cheibriados

Shops:
D:3 (

Annotations:
D:5 Dowan, Duvessa


Innate Abilities, Weirdness & Mutations

You have extremely sharp teeth.
Your natural rate of healing is unusually fast.
When hurt, damage is shared between your health and your magic reserves.
Your bite disrupts and absorbs the magic of your enemies.
Potions cannot restore your health.


Message History

Unknown command.
Unknown command.
You fade into invisibility!
Duvessa misses you. The phantom hits you.
* * * LOW HITPOINT WARNING * * *
The phantom blinks!
You blink.
Unknown command.
Unknown command.
You hit Duvessa but do no damage. Your bite misses Duvessa.
Your hands stop glowing.
The phantom hits you.
* * * LOW HITPOINT WARNING * * *
Unknown command.
Unknown command.
You hit the phantom but do no damage. Your bite misses the phantom.
The phantom is lightly damaged.
The phantom misses you.
Unknown command.
You hit the phantom. You bite the phantom, but do no damage.
The phantom is moderately damaged.
The phantom closely misses you. Duvessa barely misses you.
Unknown command.
You hit Duvessa. You bite Duvessa. You drain her power.
You feel invigorated.
Duvessa is moderately wounded.
Duvessa hits you with a +0 short sword. The phantom completely misses you.
Duvessa says, "My weaknesses are his strengths!"
Duvessa barely misses you.
Unknown command.
You puncture Duvessa!
Duvessa is heavily wounded.
Duvessa hits you with a +0 short sword!
* * * LOW HITPOINT WARNING * * *
The phantom misses you. Duvessa hits you with a +0 short sword.
* * * LOW HITPOINT WARNING * * *
The phantom barely misses you.
Unknown command.
You hit Duvessa.
Duvessa is heavily wounded.
Duvessa misses you. Duvessa hits you with a +0 short sword.
You die...

#.#..#.#.# #...# #
#.#..#.#.# #ee.#.#
#.#.##.#.########..#...#.#
#.#....#.................
#.########..########.#.#.###
#..........#................
##########.#.#######.#.#.##
#......#>....e...#.
#>........e@.......#
#.####....W........# #
############.## ... ....
..... ####


You could see Duvessa (fast, unable to see you), a phantom (unable to see you)
and Dowan (unable to see you).

Vanquished Creatures
  2 orc priests
  A jelly (D:4)
  4 gnolls (D:3)
  2 adders (D:3)
  2 dart slugs
  3 ribbon worms
  7 orcs
  6 endoplasms
  3 giant cockroaches
  9 goblins
  5 hobgoblins
  9 jackals
  9 kobolds
  3 quokkas (D:2)
  6 ball pythons
  6 bats
  2 frilled lizards (D:2)
  4 rats
83 creatures vanquished.

Notes
Turn   | Place    | Note
-------+----------+-------------------------------------------
     0 | D:1      | zenocrate the Vine Stalker Enchanter began the quest for
                  | the Orb.
     0 | D:1      | Reached XP level 1. HP: 9/9 MP: 4/4
   112 | D:1      | Reached skill level 1 in Short Blades
   233 | D:1      | Reached XP level 2. HP: 13/13 MP: 4/6
   236 | D:1      | Learned a level 2 spell: Ensorcelled Hibernation
  1036 | D:2      | Reached XP level 3. HP: 15/16 MP: 4/7
  1040 | D:2      | Learned a level 3 spell: Confusing Touch
  1086 | D:2      | Reached skill level 4 in Stealth
  1847 | D:3      | Reached XP level 4. HP: 21/21 MP: 5/8
  1851 | D:3      | Learned a level 3 spell: Tukima's Dance
  2096 | D:3      | Identified the +6 dagger "Usibeb" {heavy, +Blink}
  2236 | D:3      | Reached skill level 1 in Ice Magic
  2363 | D:3      | Found a snail-covered altar of Cheibriados.
  2398 | D:3      | Reached XP level 5. HP: 24/24 MP: 0/10
  2606 | D:3      | Found Faifyxku's Weapon Shop.
  2837 | D:4      | Reached XP level 6. HP: 19/28 MP: 6/11
  3713 | D:5      | Entered Level 5 of the Dungeon
  3773 | D:5      | Noticed Duvessa
  3773 | D:5      | Noticed Dowan
  3792 | D:5      | HP: 1/28 [Duvessa/+0 short sword (3)]
  3793 | D:5      | Slain by Duvessa

Illustrated notes

Levels and vault maps discovered:
D:1:      reono_arrival_mine, layout_loops_corners, minivault_27
D:2:      minmay_angry_zag, layout_basic
D:3:      layout_loops_cross, slow_altar_1, serial_shops,
          nicolae_shop_back_alley_shop, kennysheep_generic_room_5
D:4:      layout_layer_cave
D:5:      layout_basic, uniq_duvessa

Skill      XL: |  1  2  3  4  5 |
---------------+----------------+-----
Short Blades   | 1 2 |  2.2
Stealth        | 4 |  4.8
Dodging        | 2 |  2.6
Ice Magic      | 1 |  1.8
Spellcasting   | 3 |  3.2
Hexes          | |  3.8

Action                     |  1- 3 |  4- 6 || total
---------------------------+-------+-------++-------
  Melee: Dagger            |   118 |    83 ||   201
         Bite              |    23 |    16 ||    39
         Punch             |     2 |       ||     2
   Cast: Ensorcelled Hiber |    11 |    18 ||    29
         Confusing Touch   |       |     1 ||     1
    Use: Scroll            |       |     2 ||     2
         Potion            |       |     1 ||     1
   Stab: Sleeping          |    21 |    19 ||    40
         Distracted        |       |     1 ||     1
 Armour: Robe              |    68 |    63 ||   131
  Dodge: Dodged            |    89 |    76 ||   165
